 Dungeon Crawl Stone Soup version 0.18.1-48-g4cf74bf (webtiles) character file.

123 GFox the Skirmisher (level 5, -1/37 HPs)
             Began as an Octopode Fighter on July 22, 2016.
             Slain by an orc (2 damage)
             ... on level 3 of the Dungeon.
             The game lasted 00:16:01 (2593 turns).

GFox the Skirmisher (Octopode Fighter)              Turns: 2593, Time: 00:16:02

Health: -1/37      AC:  1    Str: 15    XL:     5   Next: 7%
Magic:  5/5        EV: 11    Int: 11    God:
Gold:   16         SH:  9    Dex: 12    Spells: 0 memorised, 4 levels left

rFire  . . .     SeeInvis .     a - +0 war axe
rCold  . . .     Gourm    .     b - +0 shield
rNeg   . . .     Faith    .     (helmet restricted)
rPois  .         Spirit   .     (no amulet)
rElec  .         Dismiss  .     (no ring)
rCorr  .         Reflect  .     (no ring)
SustAt .         Harm     .     (no ring)
MR     .....                    (no ring)
Stlth  +++.......               (no ring)
                                (no ring)
                                (no ring)
                                (no ring)

@: not resistant to hostile enchantments, fairly stealthy
A: almost no armour, amphibious, 8 rings, constrict 8, camouflage 1, gelatinous
body 1
a: no special abilities


You were on level 3 of the Dungeon.
You were not hungry.

You visited 1 branch of the dungeon, and saw 3 of its levels.

You collected 16 gold pieces.

Inventory:

Hand Weapons
 a - a +0 war axe (weapon)
Armour
 b - a +0 shield (worn)
Scrolls
 e - a scroll of enchant weapon {unknown}
 f - a scroll of noise {unknown}
 g - 3 scrolls of identify {unknown}
 j - a scroll of recharging {unknown}
 n - a scroll of enchant armour {unknown}
 p - a scroll of fear {unknown}
Potions
 c - a potion of might
 h - a potion of haste {unknown}
 i - 2 potions of degeneration {unknown}
 m - 2 potions of brilliance {unknown}
 o - a potion of mutation {unknown}
Comestibles
 d - 3 bread rations
 l - 3 chunks of flesh


   Skills:
 + Level 3.8 Fighting
 + Level 2.5 Axes
 + Level 3.7 Dodging
 + Level 2.7 Stealth
 + Level 3.5 Shields


You had 4 spell levels left.
You didn't know any spells.

Dungeon Overview and Level Annotations

Branches:
Dungeon (3/15)

Altars:
Xom

Annotations:
D:3 Grinder


Innate Abilities, Weirdness & Mutations

You cannot wear most types of armour.
You are amphibious.
You can wear up to eight rings at the same time.
You can use your tentacles to constrict eight enemies at once.
Your skin changes colour to match your surroundings (Stealth).
Your rubbery body absorbs attacks (AC +1).


Message History

You have reached level 5!
You feel clever. The orc hits you with a hand axe. Grinder hits you!
* * * LOW HITPOINT WARNING * * *
You writhe in agony. x2; The orc completely misses you.
You block Grinder's attack. You block the orc's attack.
You closely miss Grinder. Your grab misses Grinder.
Grinder is lightly wounded.
You barely miss the orc. You hit the orc.
The orc is lightly wounded.
The orc hits you with a whip.
* * * LOW HITPOINT WARNING * * *
Grinder closely misses you.
Drink which item? (? for menu, Esc to quit)
It was a potion of cancellation.
You feel magically purged. You block the orc's attack.
You block Grinder's attack. The orc hits you with a hand axe.
* * * LOW HITPOINT WARNING * * *
The orc hits you.
You die...

##########
#........###
#......oo..#
#......o@..#
#......5...#
#........###
#........#
#........#
#........#
........#
........#


You could see Grinder and 3 orcs.

Vanquished Creatures
  An orc priest (D:3)
  A gnoll (D:1)
  4 adders (D:2)
  A worm (D:2)
  2 dart slugs
  2 giant geckos (D:1)
  9 bats
  3 giant cockroaches
  4 goblins
  3 hobgoblins
  3 kobolds
  A quokka (D:3)
  3 giant newts
  2 rats
39 creatures vanquished.

Notes
Turn   | Place    | Note
--------------------------------------------------------------
     0 | D:1      | GFox the Octopode Fighter began the quest for the Orb.
     0 | D:1      | Reached XP level 1. HP: 16/16 MP: 1/1
   405 | D:1      | Reached XP level 2. HP: 21/21 MP: 2/2
   716 | D:1      | Reached XP level 3. HP: 23/26 MP: 3/3
  1106 | D:2      | Reached skill level 1 in Stealth
  1388 | D:2      | Reached XP level 4. HP: 32/32 MP: 4/4
  2569 | D:3      | Found a shimmering altar of Xom.
  2569 | D:3      | Found a shimmering altar of Xom.
  2570 | D:3      | Found a shimmering altar of Xom.
  2571 | D:3      | Found a shimmering altar of Xom.
  2571 | D:3      | Found a shimmering altar of Xom.
  2583 | D:3      | Found a shimmering altar of Xom.
  2583 | D:3      | Noticed Grinder
  2591 | D:3      | Reached XP level 5. HP: 19/37 MP: 5/5
  2593 | D:3      | HP: 1/37 [orc/hand axe (4)]
  2593 | D:3      | Slain by an orc

Skill      XL: |  1  2  3  4 |
---------------+-------------+-----
Stealth        | 1 2 |  2.7
Fighting       | |  3.8
Axes           | |  2.5
Dodging        | |  3.7
Shields        | |  3.5

Action                   |  1- 3 |  4- 6 || total
-------------------------+-------+-------++-------
Melee: War axe           |    43 |    29 ||    72
       Constrict         |    13 |     6 ||    19
       Tentacles         |     9 |     7 ||    16
  Use: Potion            |       |     1 ||     1
 Stab: Sleeping          |     5 |     7 ||    12
       Distracted        |       |     1 ||     1
  Eat: Chunk             |     1 |     3 ||     4
       Fruit             |       |     1 ||     1
Armor: Skin              |     8 |     2 ||    10
Dodge: Dodged            |    13 |    11 ||    24
Block: Shield            |    12 |    16 ||    28
